 Dungeon Crawl Stone Soup version 0.28-a0-479-g5baa6b73be (webtiles) character file.

Game seed: 3370903452934834579

2928 knvknkls the Geomancer (level 9, 0/51 HPs)
             Began as a Gargoyle Earth Elementalist on Sept 18, 2021.
             Was a Follower of Vehumet.
             Slain by an orc sorcerer (8 damage)
             ... in a bailey.
             The game lasted 00:19:23 (7658 turns).

knvknkls the Geomancer (GrEE)                       Turns: 7658, Time: 00:19:23

Health: 0/51       AC: 19    Str: 14    XL:     9   Next: 79%
Magic:  27/27      EV: 12    Int: 20    God:    Vehumet [*.....]
Gold:   386        SH:  0    Dex: 10    Spells: 14/20 levels left

rFire   . . .      SeeInvis .   r - +10 dagger of the Scorpion {elec, *Rage MP+9 Str+3}
rCold   . . .      Faith    .   (no shield)
rNeg    + . .      Spirit   .   x - +2 steam dragon scales
rPois   ∞          Reflect  +   m - +0 helmet
rElec   +          Harm     .   (no cloak)
rCorr   +          Rampage  .   (no gloves)
Will    .....      Rage     20% (no boots)
Stlth   +.........              k - amulet of reflection
HPRegen 0.17/turn               f - ring of resist corrosion
MPRegen 0.20/turn               h - +4 ring of protection

@: confused, ambrosia-drunk
A: sickness immunity, AC +6, negative energy resistance 1, electricity
resistance, torment resistance 1, petrification resistance
a: Renounce Religion


You were in a bailey.
You worshipped Vehumet.
Vehumet was aware of your devotion.
You visited 2 branches of the dungeon, and saw 8 of its levels.
You also visited: Bailey.

You collected 386 gold pieces.

Inventory:

Hand Weapons
 g - a +1 spectral flail
 j - a +0 dagger of draining
 r - the +10 dagger of the Scorpion (weapon) {elec, *Rage MP+9 Str+3}
   (You found it on level 4 of the Dungeon)

   It occasionally discharges a powerful burst of electricity upon striking a
   foe.
   Str:       It affects your strength (+3).
   MP:        It affects your magic capacity (+9).
   *Rage:     It lets you go berserk by making a melee attack (+20% chance).
 u - a +2 whip of electrocution
Missiles
 c - 331 stones
 v - a throwing net
Armour
 m - a +0 helmet (worn)
 x - +2 steam dragon scales (worn)
Jewellery
 f - a ring of resist corrosion (left hand)
 h - a +4 ring of protection (right hand)
 k - an amulet of reflection (around neck)
Wands
 n - a wand of acid (3)
 p - a wand of flame (63)
 w - a wand of mindburst (15)
 y - a wand of paralysis (11)
Scrolls
 a - 2 scrolls of identify
 A - a scroll of immolation
Potions
 e - 4 potions of flight
 l - a potion of brilliance
 o - 2 potions of resistance
 q - a potion of cancellation
 z - a potion of attraction
 B - a potion of lignification


   Skills:
 + Level 3.4 Fighting
 + Level 3.1 Maces & Flails
 + Level 3.3 Armour
 + Level 3.1 Dodging
 - Level 2.1 Stealth
 + Level 6.1 Spellcasting
 + Level 6.2 Conjurations
 - Level 0.7 Transmutations
 + Level 8.6 Earth Magic
 + Level 3.0 Evocations


You had 14 spell levels left.
You knew the following spells:

 Your Spells              Type           Power      Damage    Failure   Level
a - Sandblast             Erth           80%        2d17      1%          1
b - Stone Arrow           Conj/Erth      70%        3d11      1%          3
c - Passwall              Tmut/Erth      20%        N/A       2%          2

Your spell library contained the following spells:

 Spells                   Type           Power      Damage    Failure   Level
 Freeze                   Ice            24%        1d5       11%         1
 Shock                    Conj/Air       72%        1d7       3%          1
 Static Discharge         Conj/Air       18%        N/A       4%          2
 Ensorcelled Hibernation  Hex/Ice        12%        N/A       16%         2
 Petrify                  Tmut/Erth      24%        N/A       16%         4
 Spider Form              Tmut/Pois      3%         N/A       26%         3
 Sticky Flame             Conj/Fire      18%        2d4       28%         4
 Swiftness                Air            6%         N/A       30%         3
 Tukima's Dance           Hex            6%         N/A       30%         3
 Airstrike                Air            3%         N/A       71%         4
 Dispel Undead            Necr           6%         3d8       71%         4
 Summon Lightning Spire   Summ/Air       6%         N/A       71%         4
 Storm Form               Tmut/Air       3%         N/A       100%        7
 Maxwell's Capacitive Co  Air            3%         ∞         100%        8


Dungeon Overview and Level Annotations

Branches:
Dungeon (7/15)             Temple (1/1) D:6          Bailey (1/1)

Altars:
Ashenzari
Cheibriados
Dithmenos
Elyvilon
Fedhas
Kikubaaqudgha
Makhleb
Okawaru
Qazlal
Ru
Sif Muna
Uskayaw
Vehumet
Wu Jian
Xom
Yredelemnul
Zin
The Shining One

Shops:
D:4 =


Innate Abilities, Weirdness & Mutations

You are immune to sickness and miasma.
Your stone body is resilient. (AC +6)
You are immune to poison.
You resist negative energy. (rN+)
You are resistant to electric shocks. (rElec)
You are resistant to unholy torment.
You are immune to petrification.


Message History

Aim: an orc sorcerer, wielding a +0 broad axe and wearing a +0 scale mail (moderately wounded, covered in acid, 71% to hit)
The bolt of acid misses the orc sorcerer.
The orc sorcerer casts a spell at you. The bolt of fire hits you!!
Unknown command.
Unknown command.
You feel better. The orc sorcerer casts a spell at you.
The bolt of fire hits you!!
* * * LOW HITPOINT WARNING * * *
You feel better. The orc sorcerer casts a spell at you.
You suddenly lose the ability to move!
The hobgoblin hits you with a +0 hand axe.
* * * LOW HITPOINT WARNING * * *
The orc sorcerer hits you with a +0 broad axe.
* * * LOW HITPOINT WARNING * * *
The hobgoblin hits you with a +0 hand axe.
* * * LOW HITPOINT WARNING * * *
The orc sorcerer hits you with a +0 broad axe.
* * * LOW HITPOINT WARNING * * *
The hobgoblin hits you but does no damage.
The orc sorcerer hits you but does no damage.
The hobgoblin hits you but does no damage.
The orc sorcerer points at you and mumbles some strange words.
You shrug off the repeated paralysis!
You can move again.
Okay, then.
Unknown command.
You are confused.
You feel invigorated. The hobgoblin closely misses you.
The orc sorcerer hits you with a +0 broad axe.
* * * LOW HITPOINT WARNING * * *
Unknown command.
The hobgoblin hits you but does no damage.
You closely miss the orc sorcerer.
The orc sorcerer is moderately wounded.
The hobgoblin hits you but does no damage.
The orc sorcerer hits you with a +0 broad axe!
You die...

#≈≈≈≈≈######..o
#≈≈≈≈≈≈.#....34
######.≈≈≈≈≈.#......
#......≈≈≈≈≈.#''####
###......≈≈≈≈≈.#.....#
#...........)..))....#
#∩..∩.......)..'))⌠..#
#...og.........'.....#
###..@...≈≈≈≈≈.#.....#
#......≈≈≈≈≈.#++####
######.≈≈≈≈≈.#
#≈≈≈≈≈≈.# #≈≈≈≈≈###
#≈≈≈≈≈# #≈≈≈≈≈#
#≈≈≈≈≈#


You could see an orc sorcerer (corroded) and a hobgoblin.

Vanquished Creatures
  An orc high priest (Bailey)
  3 steam dragons
  An ice beast (D:5)
  2 black bears
  3 ogres
  3 orc warriors (Bailey)
  2 centaurs
  2 scorpions
  2 wyvern skeletons
  An electric eel (Bailey)
  A jelly (D:5)
  4 hounds
  An orc priest (D:5)
  Terence (D:2)
  2 iguanas (D:6)
  A scorpion zombie (D:5)
  4 orc wizards
  A hound skeleton (D:5)
  Robin (D:2)
  9 gnolls
  8 adders
  A white imp (D:5)
  3 ufetubi
  3 worms
  3 dart slugs
  21 orcs
  10 bats
  2 endoplasms
  2 giant cockroaches
  12 hobgoblins
  4 jackals (D:2)
  5 kobolds
  3 quokkas
  2 ball pythons (D:3)
  A frilled lizard (D:1)
  27 goblins
  5 rats
157 creatures vanquished.

Notes
Turn   | Place    | Note
-------+----------+-------------------------------------------
     0 | D:1      | knvknkls the Gargoyle Earth Elementalist began the quest
                  | for the Orb.
     0 | D:1      | Reached XP level 1. HP: 10/10 MP: 3/3
   445 | D:1      | Reached skill level 4 in Earth Magic
   445 | D:1      | Reached XP level 2. HP: 14/15 MP: 1/5
  1734 | D:2      | Noticed Terence
  1859 | D:2      | Killed Terence
  1860 | D:2      | Reached XP level 3. HP: 3/19 MP: 0/7
  2176 | D:2      | Learned a level 3 spell: Stone Arrow
  2410 | D:2      | Reached XP level 4. HP: 24/24 MP: 4/8
  2496 | D:2      | Reached skill level 1 in Conjurations
  2803 | D:2      | Noticed Robin
  2806 | D:2      | Reached skill level 5 in Earth Magic
  3087 | D:2      | Found a sacrificial altar of Ru.
  3320 | D:2      | Killed Robin
  3329 | D:2      | Reached XP level 5. HP: 17/28 MP: 4/10
  3615 | D:3      | Found a basalt altar of Yredelemnul.
  3985 | D:3      | Noticed an ogre
  4007 | D:3      | Killed an ogre
  4008 | D:3      | Reached XP level 6. HP: 17/32 MP: 5/11
  4437 | D:3      | Found a shimmering blue altar of Sif Muna.
  4808 | D:4      | Identified the +10 dagger of the Scorpion {elec, *Rage MP+9
                  | Str+3}
  4819 | D:4      | Reached skill level 6 in Earth Magic
  4872 | D:4      | Found Baudes's Jewellery Emporium.
  4899 | D:4      | Learned a level 2 spell: Passwall
  4953 | D:4      | Reached XP level 7. HP: 26/36 MP: 13/13
  5516 | D:5      | Entered Level 5 of the Dungeon
  5698 | D:5      | Reached skill level 7 in Earth Magic
  5710 | D:5      | Found a stormy altar of Qazlal.
  5763 | D:5      | Found a white marble altar of Elyvilon.
  5809 | D:5      | Reached skill level 5 in Spellcasting
  5809 | D:5      | Reached XP level 8. HP: 41/41 MP: 15/15
  5881 | D:5      | Found a shadowy altar of Dithmenos.
  5892 | D:5      | Reached skill level 5 in Conjurations
  6457 | D:6      | Reached skill level 1 in Fighting
  6457 | D:6      | Reached skill level 1 in Armour
  6472 | D:6      | Reached skill level 1 in Maces & Flails
  6472 | D:6      | Reached skill level 1 in Evocations
  6537 | D:6      | Found a staircase to the Ecumenical Temple.
  6553 | Temple   | Entered the Ecumenical Temple
  6562 | Temple   | Became a worshipper of Vehumet
  6860 | D:6      | Reached skill level 8 in Earth Magic
  6862 | D:6      | Found a glowing silver altar of Zin.
  6897 | D:6      | Reached XP level 9. HP: 48/48 MP: 17/17
  7143 | D:7      | Found a flagged portal.
  7159 | Bailey   | Entered a bailey
  7204 | Bailey   | Reached * piety under Vehumet
  7204 | Bailey   | Offered knowledge of Freeze by Vehumet.
  7400 | Bailey   | Noticed an orc high priest
  7403 | Bailey   | Noticed a smoke demon
  7403 | Bailey   | Noticed an ice devil
  7430 | Bailey   | HP: 2/50 [chaos spawn[an orc high priest] (11)]
  7431 | Bailey   | Killed an orc high priest
  7643 | Bailey   | Noticed an orc sorcerer
  7650 | Bailey   | Paralysed by an orc sorcerer for 6 turns
  7653 | Bailey   | HP: 1/51 [orc sorcerer (2)]
  7658 | Bailey   | Slain by an orc sorcerer

Illustrated notes

Levels and vault maps discovered:
D:1:      sevenhm_arrival_forest_fort_large_4, layout_loops_ring, st_stairs_3,
          amcnicky_mini_rare_corridor_liquid, minmay_misc_feat_diagonals
D:2:      minmay_spotlight, layout_basic, basic_altar, uniq_terence, uniq_robin
D:3:      layout_loops_ring, mainiacjoe_overflow_tiny_flanked,
          lemuel_blue_sif_altar, minmay_ogre_servants
D:4:      layout_basic, serial_shops, nicolae_take_the_stairs, minivault_5
D:5:      layout_gridville, amcnicky_altar_gilded, grunt_qazlal_sundering,
          kennysheep_mini_moat, minmay_misc_feat_alley
D:6:      layout_cave_pools, mainiacjoe_overflow_alcove_1,
          minmay_temple_entry_crystal_x, kennysheep_pointless_box,
          corexii_item_surrounded_by_moat
D:7:      layout_loops_corners, enter_bailey_3, kennysheep_cluttered_room
Temple:   nicolae_temple_no_exploring_needed
Bailey:   bailey_axe_of_yendor_kennysheep, bailey

Skill      XL: |  1  2  3  4  5  6  7  8  9 |
---------------+----------------------------+-----
Earth Magic    | 4 5 6 7 8 |  8.6
Spellcasting   | 3 4 5 6 |  6.1
Conjurations   | 1 2 3 4 5 6 |  6.2
Fighting       | 2 3 |  3.4
Armour         | 2 3 |  3.3
Maces & Flails | 1 3 |  3.1
Dodging        | 2 3 |  3.1
Evocations     | 1 3 |  3.0
Stealth        | |  2.1
Transmutations | |  0.7

Action                   |  1- 3 |  4- 6 |  7- 9 || total
-------------------------+-------+-------+-------++-------
Melee: Unarmed           |    23 |       |       ||    23
       Club              |    76 |    51 |       ||   127
       Dagger            |       |   169 |   159 ||   328
 Cast: Sandblast         |    24 |    38 |     3 ||    65
       Stone Arrow       |       |       |    12 ||    12
Evoke: Wand              |       |       |     7 ||     7
  Use: Scroll            |     3 |     8 |    11 ||    22
       Potion            |     1 |       |     5 ||     6
 Stab: Sleeping          |     1 |     1 |     2 ||     4
Armor: Robe              |    88 |   102 |    29 ||   219
       Steam dragon scal |       |       |    64 ||    64
Dodge: Dodged            |   112 |   139 |   109 ||   360
Block: Other             |       |    16 |    62 ||    78
       Reflection        |       |       |     2 ||     2

Table legend: (Time is in decaauts)
 A = Elapsed time spent in this place.
 B = Non-inter-level travel time spent in this place.
 C = Inter-level travel time spent in this place.
 D = Time resting spent in this place.
 E = Time spent auto-exploring this place.
 F = Levels seen in this place.
 G = Mean time per level.
                   A        B        C        D        E       F      G
               +--------+--------+--------+--------+--------+-----+--------+
         Total |   7810 |   7570 |    240 |    514 |   5443 |   9 |  867.8 |
       Dungeon |   7282 |   7050 |    232 |    136 |   5442 |   7 | 1040.3 |
        Temple |     19 |     11 |      8 |      0 |      0 |   1 |   19.0 |
        Bailey |    508 |    508 |      0 |    378 |      1 |   1 |  508.0 |
               +--------+--------+--------+--------+--------+-----+--------+

Top non-repeatable levels by time:
     D:2: 1902 daAuts
     D:1: 1703 daAuts
     D:3: 1035 daAuts
     D:5: 962 daAuts
     D:4: 916 daAuts
     D:6: 614 daAuts
  Bailey: 508 daAuts
     D:7: 146 daAuts
  Temple: 19 daAuts
